 Dungeon Crawl Stone Soup version 0.23.0-42-geed6394 (webtiles) character file.

Game seed: 6843852482974369741

1472 Polyandrous the Poker (level 8, -10/56 HPs)
             Began as an Octopode Abyssal Knight on Feb 28, 2019.
             Was a Priest of Lugonu.
             Mangled by an ogre
             ... wielding a +0 giant club
              (24 damage)
             ... on level 5 of the Dungeon.
             The game lasted 00:15:52 (6528 turns).

Polyandrous the Poker (Octopode Abyssal Knight)     Turns: 6528, Time: 00:15:53

Health: -10/56     AC:  1    Str: 14    XL:     8   Next: 78%
Magic:  11/11      EV: 13    Int: 15    God:    Lugonu [***...]
Gold:   320        SH:  9    Dex: 13    Spells: 11/12 levels left

rFire    + . .     SeeInvis +   e - +2 trident
rCold    . . .     Gourm    .   d - +4 buckler of the Onion {rPois rF+}
rNeg     . . .     Faith    .   (helmet restricted)
rPois    +         Spirit   .   x - amulet of regeneration
rElec    .         Reflect  .   j - ring of see invisible
rCorr    +         Harm     .   s - +3 ring of strength
MR       .....                  u - ring of resist corrosion
Stlth    +++.......             (no ring)
HPRegen  0.58/turn              (no ring)
MPRegen  0.12/turn              (no ring)
                                (no ring)
                                (no ring)

@: no status effects
A: almost no armour, stealthy swim, amphibious, 8 rings, constrict 8, camouflage
1, gelatinous body 1
a: Depart the Abyss, Bend Space, Banish, Renounce Religion


You were on level 5 of the Dungeon.
You worshipped Lugonu.
Lugonu was most pleased with you.
You were hungry.

You visited 1 branch of the dungeon, and saw 5 of its levels.
You visited the Abyss 2 times.

You collected 320 gold pieces.

Inventory:

Hand Weapons
 a - a +1 spear
 e - a +2 trident (weapon)
 r - a +0 spear of piercing
Armour
 d - the +4 buckler of the Onion (worn) {rPois rF+}
   (You found it on level 2 of the Abyss)

   It protects you from fire.
   It protects you from poison.
Jewellery
 j - a ring of see invisible (left tentacle)
 o - an uncursed ring of fire
 s - a +3 ring of strength (right tentacle)
 u - a ring of resist corrosion (on tentacle)
 x - an amulet of regeneration (around mantle)
Wands
 p - a wand of scattershot (5)
 t - a wand of random effects (48)
Scrolls
 c - 2 scrolls of noise
 i - 5 scrolls of remove curse
 k - 2 scrolls of fog {unknown}
 l - 6 scrolls of teleportation
 v - 2 scrolls of identify
Potions
 f - 2 potions of curing
 g - a potion of mutation
 h - a potion of haste
 m - a potion of flight
 n - a potion of lignification {unknown}
 q - a potion of degeneration {unknown}
Comestibles
 b - 8 rations


   Skills:
 + Level 5.4 Fighting
 + Level 6.8 Polearms
 - Level 2.3 Dodging
 - Level 2.2 Stealth
 - Level 4.0 Shields
 * Level 2.5 Spellcasting
 * Level 2.9 Hexes
 * Level 3.2 Invocations


You had 11 spell levels left.
You knew the following spells:

 Your Spells              Type           Power        Failure   Level  Hunger
a - Confusing Touch       Hex            ##....       6%          1    #......

Your spell library contained the following spells:

 Spells                   Type           Power        Failure   Level  Hunger
 Animate Skeleton         Necr           N/A          22%         1    #......
 Apportation              Tloc           #.....       22%         1    #......
 Summon Small Mammal      Summ           #...         22%         1    #......


Dungeon Overview and Level Annotations

Branches:
Dungeon (5/15)
 Temple: D:4-7

Altars:
Elyvilon
Fedhas
Hepliaklqana
Kikubaaqudgha
Sif Muna
Wu Jian
Yredelemnul

Annotations:
D:2 exclusion: 2 downstairs, Natasha
D:3 exclusion: downstairs
D:4 exclusion: downstairs
D:5 1 runed translucent door


Innate Abilities, Weirdness & Mutations

You cannot wear most types of armour.
You are very stealthy in the water. (Stealth+)
You are amphibious.
You can wear up to eight rings at the same time.
You can use your tentacles to constrict eight enemies at once.
Your skin changes colour to match your surroundings (Stealth+).
Your rubbery body absorbs attacks. (AC +1, EV +1)


Message History

You are too injured to fight recklessly!
You are too injured to fight recklessly!
You are too injured to fight recklessly!
You barely miss the gnoll sergeant.
You squeeze the gnoll sergeant, but do no damage.
The gnoll sergeant is heavily wounded.
You constrict the gnoll sergeant.
The gnoll sergeant hits you with a +4 spear of distortion!
Space bends around you.
* * * LOW HITPOINT WARNING * * *
You hit the gnoll sergeant.
You squeeze the gnoll sergeant, but do no damage.
The gnoll sergeant is severely wounded.
You constrict the gnoll sergeant. The gnoll sergeant misses you.
You completely miss the gnoll sergeant.
The gnoll sergeant is severely wounded.
You constrict the gnoll sergeant, but do no damage.
You block the gnoll sergeant's attack.
The ogre hits you with a +0 giant club!!
You die...

# ##......_.....>..
#...#.......#... ###
#.#.#.......#... #_#
#...##.....##.## #'##
#.#.####.####.## ...#
#.#............#
...###.#...#.#..[[..#
...#...........(...<#
...###.#.......g@<..#
...# #.........O....#
...# ###.#.##.#######
...# #.#...(. ...#
#.#..#.## ...#
#......# ...# #. ...
...# #.##


You could see an ogre and a gnoll sergeant.

Vanquished Creatures
  A soldier ant (D:5)
  Duvessa (D:4)
  A sky beast (D:5)
  An ogre (D:4)
  A centaur (D:5)
  Blork the orc (D:4)
  Dowan (D:4)
  2 scorpions (D:5)
  2 orc priests
  A hound (D:5)
  A jelly (D:5)
  A centaur skeleton (D:4)
  3 orc wizards
  Natasha (D:2)
  7 worker ants
  A hound skeleton (D:4)
  7 adders
  9 gnolls
  2 shadow imps (D:5)
  An ooze (D:1)
  An adder skeleton (D:5)
  4 dart slugs
  4 leopard geckos
  26 orcs
  A ball python (D:3)
  9 giant cockroaches
  16 goblins
  7 hobgoblins
  8 jackals
  7 kobolds
  5 quokkas
  12 bats
  5 frilled lizards
  A leopard gecko skeleton (D:5)
  10 rats
  A rat zombie (D:2)
  A spectral orc (D:4)
163 creatures vanquished.

Notes
Turn   | Place    | Note
-------+----------+-------------------------------------------
     0 | Abyss:1  | Polyandrous the Octopode Abyssal Knight began the quest for
                  | the Orb.
     0 | Abyss:1  | Reached XP level 1. HP: 16/16 MP: 2/2
    36 | Abyss:1  | Noticed a raiju
    36 | Abyss:1  | Noticed a large abomination
    41 | Abyss:1  | Noticed an ancient zyme
    57 | Abyss:1  | Noticed a starcursed mass
    58 | Abyss:1  | Noticed a small abomination
    75 | Abyss:2  | Got a transparent buckler
    81 | Abyss:2  | Identified the +4 buckler of the Onion {rPois rF+} (You
                  | found it on level 2 of the Abyss)
    82 | Abyss:2  | Noticed a small abomination
   128 | Abyss:2  | Noticed a raiju
   131 | D:1      | Escaped the Abyss
   334 | D:1      | Reached XP level 2. HP: 21/21 MP: 3/3
   446 | D:1      | Reached * piety under Lugonu
   577 | D:1      | Reached XP level 3. HP: 27/27 MP: 4/4
   822 | D:1      | Reached skill level 1 in Stealth
  1256 | D:2      | Reached XP level 4. HP: 19/33 MP: 5/5
  1453 | D:2      | Noticed Natasha
  1462 | D:2      | Killed Natasha
  1464 | D:2      | Reached skill level 3 in Polearms
  1714 | D:2      | Found an ancient bone altar of Kikubaaqudgha.
  1945 | D:2      | Reached ** piety under Lugonu
  1945 | D:2      | Reached skill level 1 in Shields
  1997 | D:2      | Reached XP level 5. HP: 37/37 MP: 6/6
  2038 | D:2      | Noticed Natasha
  2890 | D:3      | Reached skill level 4 in Polearms
  2890 | D:3      | Reached XP level 6. HP: 32/44 MP: 7/7
  2950 | D:3      | Reached *** piety under Lugonu
  2992 | D:3      | Found a hazy altar of Hepliaklqana.
  3182 | D:3      | Found a white marble altar of Elyvilon.
  3635 | D:4      | Learned a level 1 spell: Confusing Touch
  3707 | D:4      | Noticed Dowan
  3801 | D:4      | Noticed Blork the orc
  3816 | D:4      | Killed Blork the orc
  3994 | D:4      | Noticed Duvessa
  4019 | D:4      | Killed Duvessa
  4019 | D:4      | Reached skill level 1 in Spellcasting
  4019 | D:4      | Reached skill level 1 in Hexes
  4019 | D:4      | Reached XP level 7. HP: 24/49 MP: 6/8
  4030 | D:4      | Killed Dowan
  4030 | D:4      | Reached skill level 5 in Polearms
  5016 | D:4      | Found a basalt altar of Yredelemnul.
  5084 | D:5      | Entered Level 5 of the Dungeon
  5095 | D:5      | Reached skill level 5 in Fighting
  5111 | D:5      | Found an ornate altar of the Wu Jian Council.
  5117 | D:5      | Reached XP level 8. HP: 47/55 MP: 10/10
  5185 | D:5      | Found a blossoming altar of Fedhas.
  5226 | D:5      | Cast into level 1 of the Abyss (gnoll sergeant)
  5283 | Abyss:1  | Noticed an orange demon
  5285 | Abyss:1  | Noticed a large abomination
  5287 | D:5      | Escaped the Abyss
  5288 | D:5      | HP: 1/55 [gnoll sergeant/+4 spear of distortion (9)]
  5765 | D:5      | Found a runed translucent door.
  5766 | D:5      | Found a runed translucent door.
  5775 | D:5      | Reached skill level 6 in Polearms
  6419 | D:5      | Found a deep blue altar of Sif Muna.
  6528 | D:5      | Mangled by an ogre

Skill      XL: |  1  2  3  4  5  6  7  8 |
---------------+-------------------------+-----
Stealth        | 1 2 |  2.2
Fighting       | 4 5 |  5.4
Polearms       | 3 4 5 6 |  6.8
Shields        | 1 2 3 4 |  4.0
Spellcasting   | 1 2 |  2.5
Hexes          | 1 2 |  2.9
Invocations    | 3 |  3.2
Dodging        | |  2.3

Action                   |  1- 3 |  4- 6 |  7- 9 || total
-------------------------+-------+-------+-------++-------
Melee: Spear             |    93 |   213 |    13 ||   319
       Constrict         |    19 |    51 |    37 ||   107
       Tentacles         |    12 |    30 |    35 ||    77
       Trident           |       |       |   174 ||   174
 Cast: Confusing Touch   |       |     2 |     4 ||     6
Invok: Depart the Abyss  |     1 |       |     1 ||     2
  Use: Scroll            |       |     5 |     7 ||    12
       Potion            |       |       |     1 ||     1
 Stab: Sleeping          |     7 |    14 |     4 ||    25
       Confused          |       |     5 |     5 ||    10
       Distracted        |       |     2 |     3 ||     5
  Eat: Chunk             |     1 |     9 |     4 ||    14
       Ration            |       |       |     1 ||     1
Armor: Skin              |     9 |     7 |     5 ||    21
Dodge: Dodged            |    29 |    71 |    60 ||   160
Block: Buckler           |    21 |    47 |    49 ||   117
